[Event "Tuesday 30 January Rapid Engine Tour 12+1 Rounds 9 Starts 1600 ST"]
[Site "Infinity Chess"]
[Date "2018.1.30"]
[Round "9"]
[White "Eman"]
[Black "KhalidOmar"]
[Result "1-0"]
[ECO "B23"]
[WhiteElo "2475"]
[BlackElo "2432"]
[WhiteEngine "Eman 1.68c 64-bit POPCNT"]
[BlackEngine "Eman 1.68c 64-bit BMI2"]
[EventType "Swiss"]
[WhiteTeam ""]
[BlackTeam ""]
[PlyCount "106"]
[TimeControl "720+1"]

1. e4 c5 2. Nc3 d6 3. Nge2 Nf6 4. d4 cxd4 5. Nxd4 a6 6. Be2 e5 7. Nb3 Be7 
8. O-O O-O 9. Be3 Be6 10. Nd5 Nxe4 11. Bb6 Qd7 12. Nc7 Nc6 13. Nxa8 Rxa8 
14. Re1 f5 15. f3 Nf6 16. c4 Bd8 17. Bf2 Bc7 18. Rc1 Qf7 19. a3 g5 20. Nd2 Kh8 
21. b4 Ne7 22. Bd3 Rf8 23. Qc2 g4 24. f4 Nh5 25. fxe5 dxe5 26. g3 f4 27. Ne4 Qg7 
28. b5 Bd7 29. Nc5 Bc8 30. Qb2 Ng6 31. b6 Bb8 32. Bxg6 hxg6 33. Nd3 Kh7 
34. Nxe5 Be6 35. c5 Bd5 36. Rcd1 Bc6 37. Bd4 Bxe5 38. Bxe5 Qf7 39. Bxf4 Nxf4 
40. gxf4 Qxf4 41. Re7+ Kh6 42. Qg7+ Kh5 43. Qe5+ Qxe5 44. Rxe5+ Kh6 45. Rd6 Bf3 
46. Kf2 Kg7 47. Kg3 Rf7 48. Ree6 g5 49. Rg6+ Kh7 50. c6 Bxc6 51. Rh6+ Kg8 
52. Rdg6+ Kf8 53. Rh8+ Ke7 1-0

[Event "Tuesday 30 January Rapid Engine Tour 12+1 Rounds 9 Starts 1600 ST"]
[Site "Infinity Chess"]
[Date "2018.1.30"]
[Round "9"]
[White "Marsell"]
[Black "MCDermont"]
[Result "1/2-1/2"]
[ECO "C11"]
[WhiteElo "2464"]
[BlackElo "2490"]
[WhiteEngine "asmFishW_2018-01-11_popcnt"]
[BlackEngine "BrainFish 060118_CTG"]
[EventType "Swiss"]
[WhiteTeam ""]
[BlackTeam ""]
[PlyCount "117"]
[TimeControl "720+1"]

1. e4 e6 2. d4 d5 3. Nc3 Nf6 4. e5 Nfd7 5. f4 c5 6. Nf3 Nc6 7. Be3 cxd4 
8. Nxd4 Qb6 9. Qd2 Qxb2 10. Rb1 Qa3 11. Bb5 Nxd4 12. Bxd4 a6 13. Bxd7+ Bxd7 
14. Rb3 Qe7 15. Rxb7 Rc8 16. O-O Qd8 17. f5 exf5 18. Qd3 Bc5 19. Bxc5 Rxc5 
20. Nxd5 Bc8 21. Re7+ Kf8 22. Qa3 Qa5 23. Qxa5 Rxa5 24. Rc7 Be6 25. Nf4 Rxe5 
26. Nxe6+ Rxe6 27. Rxf5 Re7 28. Rc8+ Re8 29. Rc7 Re7 30. Rc8+ Re8 31. Rfc5 Ke7 
32. R8c6 g6 33. Kf2 Ra8 34. Rc7+ Kf6 35. Rc3 Kg7 36. h4 Rhf8 37. Kg3 Rae8 
38. Rf3 Re2 39. a3 a5 40. c4 Rc2 41. c5 Kh6 42. Kh3 f5 43. Rd3 Re8 44. Rdd7 Rc3+ 
45. g3 Rh8 46. Rf7 a4 47. Ra7 Rxa3 48. Ra6 Rc3 49. Rxf5 Rd8 50. Rf7 Rdd3 
51. Raa7 Rxg3+ 52. Kh2 Rh3+ 53. Kg2 Rxh4 54. Rxh7+ Kg5 55. Rxh4 Kxh4 
56. Rxa4+ Kg5 57. c6 Rxc6 58. Ra5+ Kh6 59. Kg3 1/2-1/2

[Event "Tuesday 30 January Rapid Engine Tour 12+1 Rounds 9 Starts 1600 ST"]
[Site "Infinity Chess"]
[Date "2018.1.30"]
[Round "9"]
[White "tris77"]
[Black "IronMan"]
[Result "1/2-1/2"]
[ECO "B00"]
[WhiteElo "2402"]
[BlackElo "2428"]
[WhiteEngine "stockfish_18012814_x64_modern_CTG"]
[BlackEngine "Eman 1.68c 64-bit BMI2"]
[EventType "Swiss"]
[WhiteTeam ""]
[BlackTeam ""]
[PlyCount "66"]
[TimeControl "720+1"]

1. e4 Nc6 2. Nf3 e5 3. Bb5 Nf6 4. O-O Nxe4 5. d4 Nd6 6. Bxc6 dxc6 7. dxe5 Nf5 
8. Qxd8+ Kxd8 9. Nc3 Bd7 10. Ne4 h6 11. b3 a5 12. Bb2 Kc8 13. a4 b6 14. Rad1 c5 
15. c4 Be6 16. h3 Kb7 17. Kh2 Ne7 18. g4 g5 19. Nf6 Ng6 20. Kg3 Be7 21. Rd3 Rhd8 
22. Re3 c6 23. h4 gxh4+ 24. Nxh4 Nxh4 25. Kxh4 b5 26. f4 bxc4 27. f5 Bd5 
28. bxc4 Bxc4 29. Rc1 Rd2 30. Ba3 Rd4 31. Bb2 Rd2 32. Ba3 Rd4 33. Bb2 Rd2 
1/2-1/2

[Event "Tuesday 30 January Rapid Engine Tour 12+1 Rounds 9 Starts 1600 ST"]
[Site "Infinity Chess"]
[Date "2018.1.30"]
[Round "9"]
[White "RonWeasley"]
[Black "Neoxium"]
[Result "1/2-1/2"]
[ECO "C11"]
[WhiteElo "2468"]
[BlackElo "2498"]
[WhiteEngine "BrainFish 060118_CTG"]
[BlackEngine "Stockfish SL FA PB BMI2"]
[EventType "Swiss"]
[WhiteTeam ""]
[BlackTeam ""]
[PlyCount "135"]
[TimeControl "720+1"]

1. e4 e6 2. d4 d5 3. Nc3 Nf6 4. e5 Nfd7 5. f4 c5 6. Nf3 Nc6 7. Be3 Be7 8. Qd2 b6 
9. h4 cxd4 10. Nxd4 Nxd4 11. Qxd4 Bxh4+ 12. Bf2 Bxf2+ 13. Qxf2 a6 14. O-O-O Bb7 
15. Qg3 g6 16. Rh6 Qe7 17. Kb1 f6 18. exf6 Nxf6 19. Be2 O-O-O 20. Qe3 Qd6 
21. Rh3 Rhf8 22. Rd4 Kb8 23. a3 Rf7 24. Rh1 Re7 25. Bf3 Nd7 26. Qd2 Ka7 
27. Re1 Ree8 28. Qf2 Qc5 29. Na4 Qc7 30. Nc3 Qc5 31. Na4 Qd6 32. Nc3 Nb8 
33. g3 Re7 34. Rd3 Qc7 35. Re2 Nc6 36. Qe1 Rde8 37. Qd2 Rd8 38. Qe1 Rde8 
39. Qd1 d4 40. Ne4 Rf8 41. Ng5 e5 42. Bxc6 Bxc6 43. Rxe5 Rxe5 44. fxe5 Qxe5 
45. Nf3 Qe4 46. Nxd4 Bb7 47. Ka2 Rf2 48. b3 Qg2 49. Kb2 Rf1 50. Qg4 Qh1 
51. Qe6 Ra1 52. Qe7 Rb1+ 53. Kc3 Qd5 54. b4 Ra1 55. Rd2 Ra2 56. Qc7 Rxa3+ 
57. Nb3 Qc6+ 58. Qxc6 Bxc6 59. Re2 Bd5 60. Re7+ Ka8 61. Rxh7 a5 62. bxa5 Bxb3 
63. cxb3 Rxa5 64. b4 Ra3+ 65. Kc4 Rxg3 66. Kb5 Kb8 67. Kxb6 Kc8 68. Rh8+ 1/2-1/2

[Event "Tuesday 30 January Rapid Engine Tour 12+1 Rounds 9 Starts 1600 ST"]
[Site "Infinity Chess"]
[Date "2018.1.30"]
[Round "9"]
[White "MarioDeMonti"]
[Black "KRAKEN"]
[Result "1/2-1/2"]
[ECO "C50"]
[WhiteElo "2476"]
[BlackElo "2496"]
[WhiteEngine "stockfish_x64_bmi2_2018_01_23_CTG"]
[BlackEngine "Raubfisch ME262_GTZ16c_CTG"]
[EventType "Swiss"]
[WhiteTeam ""]
[BlackTeam ""]
[PlyCount "90"]
[TimeControl "720+1"]

1. e4 e5 2. Nf3 Nc6 3. Bc4 Bc5 4. O-O Nf6 5. d3 d6 6. c3 O-O 7. Bg5 h6 8. Bh4 a6 
9. Nbd2 Ba7 10. Bb3 g5 11. Bg3 Na5 12. Ba4 Nh5 13. b4 Nxg3 14. hxg3 Nc6 
15. Bxc6 bxc6 16. Nb3 Bd7 17. Qd2 Qe7 18. Rfe1 Rfe8 19. Rab1 Rab8 20. Rbd1 Qd8 
21. Rb1 Qf6 22. Rbc1 Qg6 23. Nh2 g4 24. c4 Qg5 25. Qc3 Bd4 26. Nxd4 exd4 
27. Qxd4 Rxb4 28. Nf1 c5 29. Qc3 Reb8 30. e5 Rb2 31. Rc2 Rxc2 32. Qxc2 Re8 
33. Qb1 Rxe5 34. Qb8+ Kg7 35. Ne3 Bf5 36. Qxc7 Bxd3 37. Qxd6 Bxc4 38. Rb1 Re6 
39. Qd2 Bb5 40. Rd1 h5 41. Qc3+ Qe5 42. Qa3 Qc7 43. Qc3+ Qe5 44. Qa3 Qc7 
45. Qc3+ Qe5 1/2-1/2

[Event "Tuesday 30 January Rapid Engine Tour 12+1 Rounds 9 Starts 1600 ST"]
[Site "Infinity Chess"]
[Date "2018.1.30"]
[Round "9"]
[White "Vimtiroba"]
[Black "SkyPilot"]
[Result "1/2-1/2"]
[ECO "B52"]
[WhiteElo "2464"]
[BlackElo "2524"]
[WhiteEngine "Corchess 2.0a_CTG"]
[BlackEngine "stockfish_x64_bmi2_2018_01_23_CTG"]
[EventType "Swiss"]
[WhiteTeam ""]
[BlackTeam ""]
[PlyCount "164"]
[TimeControl "720+1"]

1. e4 c5 2. Nf3 d6 3. Bb5+ Bd7 4. Bxd7+ Qxd7 5. c4 Nc6 6. Nc3 Nf6 7. d4 cxd4 
8. Nxd4 g6 9. f3 Bg7 10. Be3 O-O 11. O-O a6 12. Na4 Rab8 13. Nxc6 Qxc6 
14. Rc1 b5 15. cxb5 Qxb5 16. Rf2 Rbd8 17. Nb6 e6 18. a4 Qh5 19. Rd2 d5 
20. Rd3 Qe5 21. b3 Rfe8 22. Bf2 Bh6 23. Rc6 Qb8 24. exd5 Nxd5 25. Nxd5 exd5 
26. g3 d4 27. Rxd4 Rxd4 28. Qxd4 Qxb3 29. Kg2 Qa2 30. Qc4 Qxc4 31. Rxc4 f5 
32. Kf1 Bd2 33. Rc7 Bb4 34. Ra7 a5 35. Bd4 Rd8 36. Be5 Rd1+ 37. Kg2 Rd2+ 
38. Kh3 Ra2 39. Rg7+ Kf8 40. Rxh7 Rxa4 41. f4 Ra2 42. Rh6 Kf7 43. Rh7+ Ke6 
44. Rh6 a4 45. Rxg6+ Kd5 46. Rf6 Ke4 47. Ra6 Bc5 48. g4 fxg4+ 49. Kxg4 Rg2+ 
50. Kh3 Ra2 51. Kg4 a3 52. Ra4+ Kd5 53. h4 Rg2+ 54. Kf3 Rh2 55. Kg3 Rh1 
56. Ra5 Kc4 57. f5 Bb4 58. Ra8 Bc5 59. f6 Kd5 60. Bf4 Ke6 61. Ra6+ Kf7 
62. Be5 Kg6 63. Ra5 Bb4 64. Ra6 Kf5 65. Bd4 a2 66. Bb2 Be1+ 67. Kf3 Rxh4 
68. Rxa2 Kg6 69. Ra7 Bd2 70. Ke2 Bb4 71. Kd3 Kf5 72. Ra1 Ke6 73. Ra6+ Kd5 
74. Ke3 Bd6 75. f7 Bb4 76. Kf3 Rh2 77. Bf6 Rh3+ 78. Kg4 Rh7 79. f8=Q Bxf8 
80. Kf4 Rh6 81. Ra5+ Ke6 82. Ra6+ Kf7 1/2-1/2

[Event "Tuesday 30 January Rapid Engine Tour 12+1 Rounds 9 Starts 1600 ST"]
[Site "Infinity Chess"]
[Date "2018.1.30"]
[Round "8"]
[White "ludimilojko"]
[Black "angriff"]
[Result "0-1"]
[ECO "A01"]
[WhiteElo "2264"]
[BlackElo "2400"]
[WhiteEngine "corchess_x64_CTG"]
[BlackEngine "Stockfish SL FA POPCNT_CTG"]
[EventType "Swiss"]
[WhiteTeam ""]
[BlackTeam ""]
[PlyCount "75"]
[TimeControl "720+1"]

1. b3 e5 2. Bb2 Nc6 3. e3 Nf6 4. c4 Be7 5. Nc3 d5 6. cxd5 Nxd5 7. Nf3 O-O 
8. Qb1 Nb6 9. Bb5 Bd6 10. Bxc6 bxc6 11. O-O Bg4 12. Qe4 f5 13. Qxc6 Rf6 
14. Nd5 Rh6 15. Nxb6 Bxf3 16. gxf3 axb6 17. Qd5+ Kh8 18. Rfc1 Ra5 19. Qf7 Rf6 
20. Qc4 Rc5 21. Qa6 Rd5 22. Rc2 h6 23. Kh1 Rg6 24. Rg1 Rxg1+ 25. Kxg1 Ra5 
26. Qd3 e4 27. Qf1 exf3 28. Kh1 Qh4 29. Qg1 Qg5 30. Bc3 Ra8 31. a4 Kg8 
32. Ra2 Kf7 33. Qf1 Qh5 34. Qg1 g5 35. Ra1 g4 36. d3 Rg8 37. e4 f4 38. b4 0-1

[Event "Tuesday 30 January Rapid Engine Tour 12+1 Rounds 9 Starts 1600 ST"]
[Site "Infinity Chess"]
[Date "2018.1.30"]
[Round "8"]
[White "KhalidOmar"]
[Black "aficionado"]
[Result "1-0"]
[ECO "C00"]
[WhiteElo "2424"]
[BlackElo "2228"]
[WhiteEngine "Eman 1.68c 64-bit BMI2"]
[BlackEngine "asmFishW_2017-12-20_base_CTG"]
[EventType "Swiss"]
[WhiteTeam ""]
[BlackTeam ""]
[PlyCount "162"]
[TimeControl "720+1"]

1. e4 e6 2. Nf3 d5 3. exd5 exd5 4. d4 Nf6 5. Bd3 Bd6 6. Qe2+ Be6 7. Ng5 Qe7 
8. Nxe6 Qxe6 9. Nc3 a6 10. Be3 O-O 11. Qf3 Bb4 12. O-O Bxc3 13. bxc3 Nbd7 
14. Rfe1 Rfe8 15. a4 Ne4 16. Bf4 c5 17. a5 Re7 18. Qh3 Qf6 19. Bg3 Nf8 
20. Qh5 Nxg3 21. hxg3 c4 22. Rxe7 Qxe7 23. Be2 g6 24. Qe5 Qxe5 25. dxe5 Rc8 
26. f4 Rc5 27. Kf2 Ne6 28. Ke3 Kf8 29. g4 Nd8 30. Bf3 Ke7 31. Kd4 Ne6+ 
32. Ke3 Nd8 33. g5 Rb5 34. Rd1 Ke6 35. Bg4+ Ke7 36. Bf3 Ke6 37. Ra1 Ke7 
38. Bg4 Rb2 39. Kd2 Rb5 40. Ke3 Rb2 41. Kd2 Rb5 42. g3 Nc6 43. Bc8 Na7 
44. Bh3 Nc6 45. Rh1 Nd8 46. Ra1 Nc6 47. Bc8 Na7 48. Bg4 Nc6 49. Rh1 Nd8 
50. Be2 Kf8 51. Rxh7 Ne6 52. Rh8+ Ke7 53. Rb8 Nd8 54. Bg4 Rxa5 55. Bc8 Rc5 
56. g4 Rc7 57. Kc1 a5 58. Kb2 b5 59. Ba6 b4 60. Ra8 Rc5 61. f5 bxc3+ 
62. Kxc3 Nc6 63. Rc8 d4+ 64. Kd2 a4 65. Bb7 gxf5 66. Bxc6 Rxe5 67. g6 fxg6 
68. gxf5 a3 69. fxg6 Kf6 70. Ra8 Kxg6 71. Rxa3 Kf6 72. Ra4 Rc5 73. Bb7 Ke5 
74. Bf3 Kf6 75. Ra6+ Ke5 76. Rc6 c3+ 77. Kd3 Ra5 78. Rc4 Ra6 79. Rxd4 Rh6 
80. Kxc3 Kf5 81. Ba8 Ke5 1-0

[Event "Tuesday 30 January Rapid Engine Tour 12+1 Rounds 9 Starts 1600 ST"]
[Site "Infinity Chess"]
[Date "2018.1.30"]
[Round "8"]
[White "star99"]
[Black "Dinkelberger"]
[Result "1/2-1/2"]
[ECO "A46"]
[WhiteElo "2380"]
[BlackElo "2380"]
[WhiteEngine "Cryptic AIL V2"]
[BlackEngine "stockfish_18012814_x64_modern_CTG"]
[EventType "Swiss"]
[WhiteTeam ""]
[BlackTeam ""]
[PlyCount "128"]
[TimeControl "720+1"]

1. d4 Nf6 2. Nf3 d5 3. e3 e6 4. c4 b6 5. b3 Bd6 6. Bd3 Bb7 7. Nbd2 Ne4 
8. Bb2 O-O 9. O-O a5 10. cxd5 exd5 11. Ne5 Nxd2 12. Qxd2 Ba6 13. Rac1 Qe7 
14. Bxa6 Nxa6 15. Qe2 Qe8 16. a3 a4 17. bxa4 Qxa4 18. Rfd1 Qe8 19. Qc2 Qe6 
20. h3 Rfe8 21. Qc6 Ra7 22. Qa4 h6 23. e4 dxe4 24. d5 Qc8 25. Nc4 Qb8 
26. Qd7 Qd8 27. Qg4 Bf8 28. d6 Qg5 29. d7 Rd8 30. Qxe4 Nc5 31. Qc6 Qf5 
32. g4 Qe6 33. Qxe6 fxe6 34. Ne5 Ra4 35. Rc2 Bd6 36. Rcd2 Nb7 37. Re2 b5 
38. g5 hxg5 39. Bc1 Bxe5 40. Rxe5 Nd6 41. Rxg5 Kf7 42. Re5 Rc4 43. Bg5 Rxd7 
44. Rxb5 Nxb5 45. Rxd7+ Kg6 46. h4 Nc3 47. Re7 Rc6 48. Kf1 Nd5 49. Re8 Ra6 
50. Bc1 Kf7 51. Rh8 Ra4 52. Bb2 g6 53. Be5 Re4 54. Bxc7 Nxc7 55. Rh7+ Kf6 
56. Rxc7 Ra4 57. Rc3 Rxh4 58. Rf3+ Ke5 59. Re3+ Kd5 60. Rg3 Ra4 61. Rxg6 Rxa3 
62. Kg2 Ra2 63. Kg3 e5 64. f3 Ra8 1/2-1/2

[Event "Tuesday 30 January Rapid Engine Tour 12+1 Rounds 9 Starts 1600 ST"]
[Site "Infinity Chess"]
[Date "2018.1.30"]
[Round "8"]
[White "Paul"]
[Black "Satria_Ungu"]
[Result "1/2-1/2"]
[ECO "C65"]
[WhiteElo "2420"]
[BlackElo "2376"]
[WhiteEngine "Stockfish dev_CTG"]
[BlackEngine "Houdini 6_CTG"]
[EventType "Swiss"]
[WhiteTeam ""]
[BlackTeam ""]
[PlyCount "76"]
[TimeControl "720+1"]

1. e4 e5 2. Nf3 Nc6 3. Bb5 Nf6 4. O-O Nxe4 5. d4 Nd6 6. Bxc6 dxc6 7. dxe5 Nf5 
8. Qxd8+ Kxd8 9. Rd1+ Ke8 10. Nc3 Be6 11. Ng5 Bc8 12. Nge4 Be7 13. Ne2 b6 
14. b3 Bb7 15. Bb2 Rd8 16. c4 c5 17. N4g3 Nxg3 18. hxg3 h5 19. f3 Rh6 20. Nc3 h4 
21. g4 Bg5 22. Nb5 h3 23. Nxc7+ Ke7 24. Rxd8 Kxd8 25. Nd5 Bxd5 26. cxd5 Bf4 
27. gxh3 Rxh3 28. Rf1 Ke7 29. Bc3 Rh2 30. Rf2 Rh8 31. Re2 Rh3 32. Rf2 Rh8 
33. Re2 Rh3 34. Kg2 Rh2+ 35. Kf1 Rh1+ 36. Kg2 Rh2+ 37. Kf1 Rh1+ 38. Kg2 Rh2+ 
1/2-1/2

[Event "Tuesday 30 January Rapid Engine Tour 12+1 Rounds 9 Starts 1600 ST"]
[Site "Infinity Chess"]
[Date "2018.1.30"]
[Round "8"]
[White "KULLANI"]
[Black "Ryzen"]
[Result "1/2-1/2"]
[ECO "C50"]
[WhiteElo "2427"]
[BlackElo "2394"]
[WhiteEngine "BrainFish_180124_x64_CTG"]
[BlackEngine "Houdini 6"]
[EventType "Swiss"]
[WhiteTeam ""]
[BlackTeam ""]
[PlyCount "354"]
[TimeControl "720+1"]

1. e4 e5 2. Nf3 Nc6 3. Bc4 Bc5 4. d3 Nf6 5. c3 d6 6. O-O a5 7. Bg5 Ba7 
8. Nbd2 h6 9. Bh4 Qe7 10. Re1 g5 11. Bg3 h5 12. h4 g4 13. Nh2 Be6 14. Bb5 O-O 
15. Nb3 Bb6 16. Nf1 Ne8 17. d4 a4 18. Nc1 exd4 19. Bxc6 dxc3 20. Bxb7 cxb2 
21. Rb1 bxc1=R 22. Rxc1 Ra7 23. Bc6 a3 24. Rc2 Ng7 25. Ne3 Qf6 26. Rf1 Bd4 
27. Kh1 Bxe3 28. fxe3 Qe7 29. Qd4 Ra6 30. Qd3 Ra7 31. Qb5 Bc8 32. Qb8 Ra5 
33. Qb4 Ra6 34. Kh2 Be6 35. Rfc1 f6 36. Rf2 Qf7 37. Qb7 Rb6 38. Qa7 Bxa2 
39. Qxa3 Be6 40. Qa7 Rb4 41. Rfc2 Rbb8 42. Rd2 Rb4 43. Rdc2 Rbb8 44. Bf4 Rfd8 
45. Kh1 Rb4 46. Kh2 Rbb8 47. Rf2 Qe7 48. Bg3 Rf8 49. Rd2 Qd8 50. Be1 Qe7 
51. Bg3 Qd8 52. Rdc2 Rf7 53. Qd4 Qe7 54. Qa7 Rc8 55. Kg1 Kh7 56. Bb5 Qd8 
57. Qd4 Rb8 58. Bc6 Rb6 59. Rc3 Qb8 60. Qd3 Kg8 61. Ra1 Rf8 62. Be1 Rb3 
63. Ba4 Rxc3 64. Bxc3 Qb6 65. Bc2 Qc5 66. Qd2 Qb5 67. Bd4 Qc4 68. Rb1 Qa2 
69. Kh2 Qa8 70. Rf1 Qd8 71. Kg1 Qe7 72. Bb2 Rf7 73. Qf2 Bc4 74. Rb1 Rf8 
75. Bc3 Qd7 76. Qf4 Ne6 77. Qh6 Qg7 78. Qxh5 Nc5 79. Bb4 Nd7 80. Be1 Ne5 
81. Bg3 Bf7 82. Qf5 Bg6 83. Qf1 Qd7 84. Kh2 Kg7 85. Qa6 Rc8 86. Rb7 Qd8 
87. Ra7 Bf7 88. Bd1 Be6 89. Qa4 Kg6 90. Qc2 Kh5 91. Qc3 Kg6 92. Qc1 Nd3 
93. Qd2 Ne5 94. Qc1 Nd3 95. Qc3 Ne5 96. Ba4 c5 97. Qa1 c4 98. Ra6 Kf7 
99. Bc2 Ke7 100. h5 Qe8 101. Ra7+ Bd7 102. Kg1 Qxh5 103. Ba4 Rh8 104. Kf2 Rd8 
105. Ke2 Ke8 106. Kf2 Qh6 107. Bc2 Qg6 108. Ke2 Qf7 109. Qh1 c3 110. Kf2 Ke7 
111. Qd1 Rb8 112. Kg1 Qe6 113. Ba4 Kd8 114. Bc2 Ke8 115. Qe1 Rc8 116. Bxe5 dxe5 
117. Qh4 Kd8 118. Qh8+ Be8 119. Kh2 Rc7 120. Ra8+ Rc8 121. Ra1 Qb6 122. Rb1 g3+ 
123. Kh3 Qe6+ 124. Kxg3 Kc7 125. Qf8 Bd7 126. Qc5+ Kd8 127. Qa7 Rc7 
128. Qa8+ Rc8 129. Qa7 Rc7 130. Qa3 Qg4+ 131. Kf2 Qh4+ 132. Kg1 Ke8 133. Qd6 Qg5 
134. Rb8+ Rc8 135. Rxc8+ Bxc8 136. Qc6+ Bd7 137. Qxc3 Qh4 138. Bd3 Kf7 
139. Bc4+ Kg6 140. Bd5 Kg5 141. Qd2 Kg6 142. Qf2 Qg4 143. Qf3 Qh4 144. Qe2 Qg5 
145. Kf2 Qh4+ 146. Kg1 Kg5 147. Qf2 Qg4 148. Qf3 Qh4 149. Qf1 Qg3 150. Qe2 Qh4 
151. Qd2 Kg6 152. Qd1 Bg4 153. Qf1 Bd7 154. Qf2 Qg4 155. Qf3 Qh4 156. Qf1 Qg3 
157. Qc1 Kg5 158. Qd2 Qh4 159. Qe2 Qg3 160. Bg8 Bc6 161. Bd5 Bd7 162. Qf2 Qg4 
163. Qf3 Qh4 164. Qd1 Qg3 165. Qd2 Qh4 166. Ba8 Qg4 167. Bb7 Kg6 168. Qd5 Be6 
169. Qd2 Qh4 170. Bc6 Kg5 171. Qf2 Qg4 172. Qf3 Qh4 173. Qf2 Qg4 174. Kh1 Bc8 
175. Bd5 Bd7 176. Kh2 Qh5+ 177. Kg1 Qg4 1/2-1/2

[Event "Tuesday 30 January Rapid Engine Tour 12+1 Rounds 9 Starts 1600 ST"]
[Site "Infinity Chess"]
[Date "2018.1.30"]
[Round "8"]
[White "IronMan"]
[Black "BraveDevil"]
[Result "1-0"]
[ECO "A05"]
[WhiteElo "2411"]
[BlackElo "2431"]
[WhiteEngine "Eman 1.68c 64-bit BMI2"]
[BlackEngine "Cryptic AIL V2"]
[EventType "Swiss"]
[WhiteTeam ""]
[BlackTeam ""]
[PlyCount "241"]
[TimeControl "720+1"]

1. Nf3 Nf6 2. b3 e6 3. e3 d5 4. Bb2 Bd6 5. d4 O-O 6. Bd3 b6 7. O-O Bb7 
8. c4 dxc4 9. bxc4 c5 10. Qe2 Nc6 11. Nbd2 cxd4 12. exd4 Nb4 13. Bb1 Rc8 
14. a3 Nc6 15. Re1 Re8 16. Qd3 Ne7 17. Bc2 Qc7 18. g3 Ng6 19. Qe2 h6 
20. Rac1 Qd7 21. Qd3 Qc7 22. Bb1 Qd7 23. Qb3 Red8 24. Bc3 Nf8 25. a4 Qc7 
26. Bd3 a5 27. Re2 N8d7 28. Bb2 Be7 29. h3 Bd6 30. Bb1 Be7 31. Qe3 Bb4 
32. Qb3 Re8 33. Qd1 Qb8 34. Bd3 Red8 35. Re3 Qd6 36. Kh2 Qc7 37. Nh4 Qd6 
38. Qe2 Re8 39. f4 Qc6 40. Bc2 Kh8 41. Bb3 Kg8 42. Ndf3 Ba6 43. Ne5 Qc7 
44. Qc2 Bb7 45. Qe2 Ba6 46. Qc2 Bb7 47. Ba2 Nxe5 48. fxe5 Nh7 49. Ng2 Qc6 
50. Rf1 Red8 51. Bb3 Rc7 52. Nf4 Ba6 53. Rc1 Qa8 54. Qe2 Nf8 55. Rf3 Ng6 
56. Rf2 Qc8 57. h4 Rdd7 58. Nxg6 fxg6 59. Bc2 Bxc4 60. Qg4 Kh8 61. Qxg6 Qg8 
62. Bb1 Bb3 63. Rcf1 Rd8 64. Bc1 Rdc8 65. Bxh6 gxh6 66. Qxh6+ Rh7 67. Bxh7 Qxh7 
68. Qe3 Bd5 69. Rc1 Rf8 70. Rf6 Qg7 71. Qf4 Be7 72. Rxf8+ Qxf8 73. Qxf8+ Bxf8 
74. g4 Ba3 75. Rc2 Be4 76. Rc8+ Kh7 77. Kg3 Bb4 78. Kf2 Bd5 79. Rb8 Be7 
80. g5 Kg6 81. Rxb6 Bb4 82. Rb8 Bc6 83. Rg8+ Kh7 84. Rc8 Bxa4 85. h5 Bd2 
86. Rc7+ Kh8 87. g6 Kg8 88. Ke2 Bf4 89. Rc8+ Kg7 90. Rc5 Bg5 91. Rxa5 Bc2 
92. Ra7+ Kg8 93. Rh7 Kf8 94. d5 exd5 95. Rc7 Bb3 96. Kd3 Bd1 97. Rh7 Bb3 
98. h6 Bxh6 99. Rxh6 Kg7 100. Rh7+ Kxg6 101. Rb7 Ba2 102. Kd4 Bc4 103. Rc7 Bb3 
104. Rc3 Bd1 105. Kxd5 Kg5 106. e6 Bh5 107. Rc8 Kf6 108. Kd6 Bd1 109. Rf8+ Kg6 
110. Ke5 Kh5 111. Rf4 Be2 112. Kf6 Bd3 113. e7 Bg6 114. Rf5+ Kh6 115. Rf2 Kh5 
116. Rh2+ Kg4 117. Kxg6 Kf3 118. e8=Q Kg3 119. Qe2 Kf4 120. Kh5 Kg3 121. Qf2# 
1-0

[Event "Tuesday 30 January Rapid Engine Tour 12+1 Rounds 9 Starts 1600 ST"]
[Site "Infinity Chess"]
[Date "2018.1.30"]
[Round "8"]
[White "Katzenmaier"]
[Black "Marsell"]
[Result "1/2-1/2"]
[ECO "D30"]
[WhiteElo "2471"]
[BlackElo "2464"]
[WhiteEngine "SugaR XPrO x64 POPCNT"]
[BlackEngine "asmFishW_2018-01-11_popcnt"]
[EventType "Swiss"]
[WhiteTeam ""]
[BlackTeam ""]
[PlyCount "252"]
[TimeControl "720+1"]

1. d4 d5 2. c4 e6 3. Nf3 Nf6 4. g3 dxc4 5. Bg2 Bb4+ 6. Bd2 a5 7. a3 Be7 
8. Qa4+ Nbd7 9. Qxc4 O-O 10. Nc3 c5 11. dxc5 Nxc5 12. Ne5 Nfd7 13. Bf4 f6 
14. Nxd7 Bxd7 15. Rd1 Rc8 16. O-O Qe8 17. Bd6 Rf7 18. Qf4 Bc6 19. Bxc6 Rxc6 
20. Bxe7 Qxe7 21. Nb5 g6 22. Qd2 a4 23. Qb4 f5 24. Kg2 e5 25. Rd5 Nd7 
26. Qxe7 Rxe7 27. Nc3 Nc5 28. Rd8+ Kf7 29. Rfd1 Ke6 30. f3 e4 31. f4 Rd7 
32. R1xd7 Nxd7 33. Kf2 Rc7 34. h3 Nb6 35. g4 Rc8 36. Rd4 Rc4 37. Rd8 Rc5 
38. Re8+ Kf6 39. Rb8 Rc7 40. Rd8 Ke6 41. Kg3 Rc5 42. Re8+ Kf6 43. Kf2 h5 
44. Rb8 hxg4 45. Rxb7 Nd5 46. Nxd5+ Rxd5 47. Rb6+ Kf7 48. hxg4 fxg4 49. Rb4 Rd2 
50. Rxa4 Rxb2 51. Rxe4 Kf6 52. Re5 Rb3 53. a4 g3+ 54. Kg2 Rb4 55. Kxg3 Rxa4 
56. Kg4 Kg7 57. e3 Ra3 58. Kf3 Kf6 59. Rd5 Kf7 60. Re5 Kg7 61. Rg5 Kf6 
62. Rg1 Kf5 63. Rg3 Kf6 64. Rg1 Rb3 65. Rc1 Kf5 66. Rg1 Rc3 67. Kf2 Rb3 
68. Rg5+ Kf6 69. Re5 Rb8 70. Rg5 Rb1 71. Rc5 Ra1 72. Rg5 Rb1 73. Rc5 Rb3 
74. e4 Ke7 75. Rd5 Rb1 76. Kg3 Kf6 77. Rc5 Kf7 78. Kf3 Rb3+ 79. Ke2 Ke7 
80. Ra5 Kf6 81. Ra6+ Kf7 82. Ra7+ Ke6 83. Ra6+ Kf7 84. Ra7+ Ke6 85. Ra8 Kf7 
86. Rd8 Rh3 87. Rd4 Rh4 88. Ke3 Rh3+ 89. Ke2 Rh4 90. Kf3 Rh3+ 91. Kg4 Rh1 
92. Rb4 Rf1 93. Rb7+ Ke6 94. Rb6+ Kf7 95. Rb7+ Ke6 96. Rb8 Rc1 97. Rb6+ Kf7 
98. Rb7+ Ke6 99. Rb8 Kf7 100. Rb7+ Ke6 101. Kg3 Kf6 102. Rb5 Rf1 103. Rb6+ Kg7 
104. Ra6 Kf7 105. Ra7+ Ke6 106. Ra8 Rd1 107. Kf2 Rd3 108. Re8+ Kf7 109. Re5 Rb3 
110. Rc5 Rh3 111. Ra5 Kf6 112. Ra7 Ke6 113. Ra1 Kf7 114. Ra7+ Ke6 115. Ra4 Ke7 
116. Rc4 Kf7 117. Rc1 Kg7 118. Rc6 Rd3 119. Rb6 Ra3 120. Rb7+ Kf6 121. Ke2 Rh3 
122. Rc7 Ke6 123. f5+ gxf5 124. exf5+ Kf6 125. Rc5 Rh1 126. Kd3 Rb1 1/2-1/2

[Event "Tuesday 30 January Rapid Engine Tour 12+1 Rounds 9 Starts 1600 ST"]
[Site "Infinity Chess"]
[Date "2018.1.30"]
[Round "8"]
[White "hafaba"]
[Black "Eman"]
[Result "1/2-1/2"]
[ECO "A53"]
[WhiteElo "2451"]
[BlackElo "2476"]
[WhiteEngine "SF SL FA 26012018 POPCNT_CTG"]
[BlackEngine "Eman 1.68c 64-bit POPCNT"]
[EventType "Swiss"]
[WhiteTeam ""]
[BlackTeam ""]
[PlyCount "133"]
[TimeControl "720+1"]

1. d4 Nf6 2. c4 d6 3. Nf3 g6 4. Nc3 Bg7 5. e4 O-O 6. h3 e5 7. d5 Nh5 8. g3 Na6 
9. Bg2 f5 10. O-O f4 11. g4 Nf6 12. g5 Nh5 13. Kh2 h6 14. gxh6 Bxh6 15. b3 Rf7 
16. Ba3 Rh7 17. Rh1 g5 18. Kg1 Nf6 19. Kf1 Bd7 20. Ke1 Qe8 21. Qe2 Nc5 
22. Nh2 a6 23. Ng4 Bg7 24. Bf3 Qe7 25. Kd2 Kf7 26. Nxf6 Bxf6 27. Bxc5 dxc5 
28. Bh5+ Kg7 29. Rag1 Rah8 30. Bg4 Kf8 31. Rg2 Rh4 32. Rd1 Bxg4 33. hxg4 Ke8 
34. Rf1 R8h6 35. f3 Kd8 36. Nd1 Qe8 37. Nf2 Be7 38. Kc1 Kc8 39. Rgg1 Qh8 
40. Qe1 c6 41. Kb1 Rh2 42. dxc6 Rxc6 43. Rh1 Rd6 44. Kc1 Rh4 45. Qa5 Qf6 
46. Rd1 Rd4 47. Rxh4 gxh4 48. Rg1 Qg6 49. g5 Kb8 50. Qe1 Ka7 51. Kc2 Qh5 
52. g6 Rd8 53. Rg4 Rg8 54. Qg1 h3 55. Qh2 Rxg6 56. Qxh3 Qxh3 57. Nxh3 Rh6 
58. Ng5 Bxg5 59. Rxg5 Rh2+ 60. Kb1 Rf2 61. Rxe5 Kb6 62. Rf5 Rxf3 63. Kc2 Rf2+ 
64. Kd3 Rf3+ 65. Kc2 Rf2+ 66. Kd3 Rf3+ 67. Kc2 1/2-1/2